 Dungeon Crawl Stone Soup version 0.28.0-45-g0d030f2227 (webtiles) character file.

Game seed: 9513247831269133232

227 raph the Conjurer (level 5, 0/41 HPs)
             Began as a Draconian Conjurer on Apr 11, 2022.
             Slain by an orc wizard
             ... wielding a +0 dagger
              (1 damage)
             ... on level 3 of the Dungeon.
             The game lasted 00:05:14 (3448 turns).

raph the Conjurer (Draconian Conjurer)              Turns: 3448, Time: 00:05:15

Health: 0/41       AC:  5    Str: 10    XL:     5   Next: 70%
Magic:  1/8        EV: 12    Int: 20    God:
Gold:   74         SH:  0    Dex:  9    Spells: 2/8 levels left

rFire   . . .      SeeInvis .   g - +0 morningstar
rCold   . . .      Faith    .   (no shield)
rNeg    . . .      Spirit   .   (armour unavailable)
rPois   .          Reflect  .   (helmet restricted)
rElec   .          Harm     .   (no cloak)
rCorr   .          Rampage  .   (no gloves)
Will    .....                   (no boots)
Stlth   ++........              (no amulet)
HPRegen 0.13/turn               (no ring)
MPRegen 0.11/turn               (no ring)

@: brilliant
A: AC +5, unfitting armour, cold-blooded
a: no special abilities


You were on level 3 of the Dungeon.
You visited 1 branch of the dungeon, and saw 3 of its levels.

You collected 74 gold pieces.

Inventory:

Hand Weapons
 b - a +1 short sword
 g - a +0 morningstar (weapon)
Magical Staves
 d - a staff of earth
Wands
 e - a wand of flame (9)
 f - a wand of polymorph (7)
Potions
 a - a potion of might


   Skills:
 + Level 1.7 Fighting
 + Level 2.3 Dodging
 + Level 2.5 Stealth
 + Level 2.4 Spellcasting
 * Level 5.7 Conjurations
 + Level 1.2 Hexes


You had 2 spell levels left.
You knew the following spells:

 Your Spells              Type           Power      Damage    Failure   Level
a - Magic Dart            Conj           100%       1d8       1%          1
b - Searing Ray           Conj           76%        2d7       2%          2
c - Dazzling Flash        Conj/Hex       48%        N/A       11%         3

Your spell library contained the following spells:

 Spells                   Type           Power      Damage    Failure   Level
 Fulminant Prism          Conj/Hex       12%        3d9       34%         4
 Iskenderun's Mystic Bla  Conj/Tloc      20%        2d6       43%         4


Dungeon Overview and Level Annotations

Branches:
Dungeon (3/15)

Altars:


Innate Abilities, Weirdness & Mutations

Your plain brown scales are hard. (AC +5)
You cannot fit into any form of body armour.
You are cold-blooded and may be slowed by cold attacks.


Message History

Press: ? - help, Shift-Dir - straight line, f/p - orc wizard
Aim: an orc wizard, wielding a +0 dagger and wearing a +0 robe (severely wounded, 74% to hit)
The searing ray hits the orc wizard.
The orc wizard is almost dead. (Press . to maintain the ray.)
The orc wizard mumbles some strange words.
The orc wizard flickers and vanishes!
Deactivating autopickup; reactivate with Ctrl-A.
Something hits you. Something hits you.
Without enough magic to sustain it, your searing ray dissipates.
Something hits you.
You closely miss something.
Your tail-slap misses something.
Something hits you but does no damage.
You miss something.
You hear some strange, mumbled words.
You are confused.
Something hits you but does no damage.
You bump into the rock wall.
Something hits you.
You completely miss something. Something barely misses you.
You closely miss something. Something hits you.
You hear some strange, mumbled words.
A magic dart appears from out of thin air!
The magic dart hits you.
* * * LOW HITPOINT WARNING * * *
You're too confused to move!
You hear some strange, mumbled words.
A puff of flame appears from out of thin air!
The puff of flame hits you!
* * * LOW HITPOINT WARNING * * *
It was a potion of brilliance.
You feel clever all of a sudden.
You hear some strange, mumbled words.
Something tries to affect you, but you resist.
You're too confused to cast spells.
Sorry, you're not good enough to have a special ability.
You completely miss something.
Your tail-slap misses something.
You feel less confused. Something hits you.
You die...

## .# ### ##.#.# #..
#..#.# # #.. ...#.#
#. #.#.# #..#.###.
##.#.########.....##.
#....................
####@######.#.......(
#....{...............
##.#.##......#.......
#.#.##......#.......
# #.######..#.......
#.######..#)).##..
#........))....'..
#####....#.....#..
............#..


There were no monsters in sight!

Vanquished Creatures
  An orc priest (D:3)
  An orc wizard (D:3)
  Natasha (thrice) (D:2)
  2 adders (D:2)
  A worm (D:2)
  2 dart slugs (D:2)
  2 orcs (D:3)
  6 endoplasms
  3 giant cockroaches (D:1)
  7 goblins
  4 hobgoblins
  A jackal (D:1)
  4 quokkas
  8 ball pythons
  14 bats
  2 frilled lizards (D:1)
  6 kobolds
  6 rats
73 creatures vanquished.

Vanquished Creatures (others)
  A fungus (D:3)
  A plant (D:3)
2 creatures vanquished.

Grand Total: 75 creatures vanquished

Notes
Turn   | Place    | Note
-------+----------+-------------------------------------------
     0 | D:1      | raph the Draconian Conjurer began the quest for the Orb.
     0 | D:1      | Reached XP level 1. HP: 14/14 MP: 3/3
   277 | D:1      | Reached XP level 2. HP: 17/20 MP: 3/5
   358 | D:1      | Learned a level 2 spell: Searing Ray
  1112 | D:1      | Reached skill level 5 in Conjurations
  1141 | D:1      | Reached XP level 3. HP: 26/26 MP: 3/6
  1145 | D:1      | Learned a level 3 spell: Dazzling Flash
  2002 | D:2      | Noticed Natasha
  2017 | D:2      | Killed Natasha
  2018 | D:2      | Reached skill level 1 in Fighting
  2018 | D:2      | Reached XP level 4. HP: 10/35 MP: 0/7
  2427 | D:2      | Noticed Natasha
  2433 | D:2      | Killed Natasha
  2495 | D:2      | Noticed Natasha
  2498 | D:2      | Killed Natasha
  2499 | D:2      | Reached skill level 1 in Hexes
  2499 | D:2      | Reached XP level 5. HP: 40/40 MP: 2/8
  3347 | D:3      | Found a faded altar of an unknown god.
  3446 | D:3      | HP: 1/41 [something/puff of flame (9)]
  3448 | D:3      | Slain by an orc wizard

Illustrated notes

Levels and vault maps discovered:
D:1:      saegor_arrival_simple_e, layout_basic, serial_glass, glass_columns_a,
          glass_columns_b, minmay_ruptured
D:2:      cheibrodos_helix_gallery, layout_basic, uniq_natasha
D:3:      minmay_general_purpose_star, layout_basic,
          dreamdust_ecumenical_altar_grove, hangedman_glass_teeth

Skill      XL: |  1  2  3  4 |
---------------+-------------+-----
Conjurations   | 5 |  5.7
Stealth        | 2 |  2.5
Fighting       | 1 |  1.7
Dodging        | 2 |  2.3
Hexes          | 1 |  1.2
Spellcasting   | |  2.4

Action                   |  1- 3 |  4- 6 || total
-------------------------+-------+-------++-------
Melee: Short sword       |    32 |     4 ||    36
       Tailslap          |     4 |     2 ||     6
       Morningstar       |       |    23 ||    23
 Cast: Magic Dart        |    73 |    14 ||    87
       Searing Ray       |     5 |    11 ||    16
  Use: Scroll            |     4 |     2 ||     6
       Potion            |       |     2 ||     2
 Stab: Sleeping          |     1 |       ||     1
Armor: Skin              |    26 |    17 ||    43
Dodge: Dodged            |    35 |    19 ||    54
